Map: Sanctuary III LE

Players

RipNHammer

  • Race: Terran Terran
  • League: Master
  • Spawn Location: 1:00

Red - Winner!

  • Race: Terran Terran
  • League: Master
  • Spawn Location: 7:00

VOD

Have the link to the VOD?

Description

Time

  • Played on: Sept. 6, 2026, 3:33 p.m.
  • Length: 8:09
Show
View Real Time Build Order
Export as new Build Order

RipNHammer Terran 

Build Orders: Mech 

Get SALT Encoding   

  8  0:00  SCV  
  9  0:12  SCV  
  10  0:24  SCV  
  11  0:37  SCV  
  11  0:39  Supply Depot  
  12  0:49  SCV  
  13  1:01  SCV  
  13  1:02  Barracks  
  14  1:07  Refinery  
  14  1:13  SCV  
  14  1:17  Refinery  
  15  1:25  SCV  
  16  1:37  SCV  
  17  1:50  Reaper  
  17  1:51  Orbital Command  
  18  2:07  Factory  
  18  2:17  SCV  
  19  2:22  Supply Depot  
  19  2:24  Reaper  
  20  2:31  SCV  
  21  2:44  SCV  
  22  2:52  Command Center  
  22  2:57  Hellion  
  24  2:58  SCV  
  25  3:18  Starport  
  24  3:21  Barracks Reactor  
  24  3:23  SCV  
  24  3:26  Factory Tech Lab, Supply Depot  
  25  3:38  SCV  
  26  3:45  Cyclone  
  29  3:50  SCV  
  30  3:58  Marine x2  
  32  4:04  Orbital Command  
  32  4:06  Refinery  
  32  4:08  Starport Tech Lab, SCV  
  32  4:09  Refinery  
  33  4:22  Marine x2  
  35  4:26  SCV  
  35  4:28  Raven  
  35  4:29  Interference Matrix, SCV  
  39  4:38  SCV  
  39  4:39  Supply Depot  
  39  4:42  Siege Tank  
  43  4:46  SCV  
  43  4:50  SCV  
  45  4:58  SCV, Supply Depot  
  46  5:03  SCV, Raven  
  46  5:05  Marine  
  50  5:07  Marine  
  50  5:10  SCV  
  52  5:15  SCV  
  52  5:18  Siege Tank  
  56  5:22  SCV  
  57  5:30  SCV  
  57  5:31  Supply Depot  
  57  5:34  SCV  
  59  5:37  Raven  
  59  5:42  SCV  
  62  5:46  SCV  
  62  5:48  Command Center  
  63  5:54  SCV  
  67  5:57  Siege Tank  
  67  5:58  SCV  
  68  6:06  SCV  
  68  6:10  SCV  
  70  6:13  Marine  
  71  6:18  SCV  
  71  6:25  SCV  
  72  6:27  Factory  
  72  6:30  Viking  
  74  6:39  Viking  
  73  6:43  Supply Depot  
  73  6:44  Supply Depot  
  73  6:46  Siege Tank, SCV x2  
  78  6:58  SCV  
  78  6:59  SCV  
  78  7:00  Viking  
  82  7:10  SCV  
  82  7:11  SCV  
  83  7:16  Cyclone  
  83  7:18  Siege Tank  
  83  7:20  Factory  
  83  7:21  Supply Depot  
  89  7:23  SCV  
  89  7:27  SCV  
  89  7:33  Orbital Command  
  89  7:39  Factory  
Show
View Real Time Build Order
Export as new Build Order

Red Terran - Winner!

Build Orders:  

Get SALT Encoding   

  8  0:00  SCV  
  9  0:12  SCV  
  10  0:24  SCV  
  10  0:28  Supply Depot  
  11  0:36  SCV  
  12  0:48  SCV  
  13  0:55  Barracks  
  13  1:01  SCV  
  14  1:06  Refinery  
  14  1:13  SCV  
  15  1:18  Refinery  
  15  1:25  SCV  
  16  1:42  Orbital Command  
  16  1:47  Reaper  
  17  2:05  Factory  
  17  2:08  SCV  
  18  2:20  SCV  
  18  2:21  Reaper  
  20  2:24  Supply Depot  
  20  2:33  SCV  
  21  2:44  Command Center  
  21  2:47  SCV  
  21  2:50  Factory Tech Lab  
  22  2:57  Barracks Reactor  
  22  2:59  SCV  
  23  3:11  SCV  
  23  3:15  Cyclone  
  23  3:18  Supply Depot  
  26  3:24  SCV  
  27  3:29  Starport  
  27  3:37  Marine x2  
  29  3:43  SCV  
  29  3:55  SCV  
  30  3:58  Orbital Command  
  30  4:01  Factory Tech Lab, Refinery  
  30  4:07  SCV  
  30  4:09  Marine  
  31  4:10  Marine  
  31  4:15  Raven  
  35  4:19  SCV  
  36  4:24  SCV  
  36  4:27  Marine  
  36  4:28  Siege Tank  
  41  4:31  SCV  
  41  4:36  SCV  
  41  4:37  Supply Depot  
  43  4:40  Marine  
  43  4:43  SCV  
  45  4:48  SCV  
  45  4:50  Raven  
  45  4:52  Supply Depot  
  48  4:55  SCV  
  51  5:00  SCV  
  51  5:02  Siege Tank  
  53  5:08  SCV  
  53  5:09  Interference Matrix  
  53  5:10  Marine x2  
  53  5:13  SCV  
  57  5:15  Supply Depot  
  57  5:20  SCV  
  58  5:24  Raven  
  58  5:25  SCV  
  61  5:33  SCV  
  62  5:39  Marine x2  
  64  5:45  Command Center, SCV x2  
  66  5:52  Supply Depot, Siege Tank  
  69  5:57  SCV  
  69  5:58  SCV  
  69  6:02  Refinery  
  71  6:10  Command Center  
  70  6:23  Viking x2  
  70  6:24  Stimpack  
  74  6:26  Siege Tank  
  74  6:27  SCV  
  78  6:34  Supply Depot, SCV  
  78  6:39  SCV  
  80  6:43  Barracks  
  80  6:44  Barracks  
  80  6:47  SCV  
  81  6:51  SCV  
  82  6:57  Viking  
  82  6:58  Viking, Siege Tank  
  82  6:59  SCV, Marine  
  90  7:07  SCV  
  90  7:17  Supply Depot x2  
  90  7:32  Marine, SCV x2  
  93  7:42  Command Center  
  100  7:44  SCV x2  
  102  7:56  SCV x2  
Tags
 
Composition
Mech
Matchup
TvT
Race
Terran
Replay Pack
RipNHammer
Spawn Locations
Cross Positions
Add a new tag
Caveats
  • Supply blocks, unpowered buildings, or Contaminate may cause inaccurate times.
  • Supply counts are checked every 10 seconds.